 Dungeon Crawl Stone Soup version bcrawl-1.27.3 (webtiles) character file.

Game seed: 16418431163002143204

630949 Freyura the Blocker (level 17, -9/111 HPs)
             Began as a Gargoyle Fighter on Aug 2, 2020.
             Was the Champion of Ashenzari.
             Blown up by an orb spider (33 damage)
             ... with an orb of destruction
             ... on level 2 of the Spider Nest on Aug 3, 2020.
             The game lasted 01:43:53 (22975 turns).

Freyura the Blocker (Gargoyle Fighter)             Turns: 22975, Time: 01:43:53

Health: -9/111     AC: 41    Str: 21    XL:     17   Next: 35%
Magic:  27/27      EV: 20    Int: 10    God:    Ashenzari [******]
Gold:   2191       SH: 19    Dex: 14    Spells: 16/16 levels left

rFire    . . .     SeeInvis +   i - +9 demon whip (slash) (curse)
rCold    + + .     Gourm    .   c - +0 medium shield (curse)
rNeg     + . .     Faith    .   C - +3 ice dragon scales (curse)
rPois    ∞         Spirit   .   l - +2 helmet (curse)
rElec    +         Reflect  +   u - +1 cloak (curse)
rCorr    .         Harm     .   (no gloves)
MR       +....     Clarity  +   j - +2 pair of boots (curse)
Stlth    ..........             S - +4 amulet of reflection (curse)
HPRegen  0.28/turn              O - +5 ring of evasion (curse)
MPRegen  0.20/turn              F - ring of protection from fire (curse)

@: flying
A: big wings, negative energy resistance 1, electricity resistance, unbreathing,
petrification resistance, rot immunity, AC +12
a: Stop Flying, Curse Item, Scrying, Transfer Knowledge, Renounce Religion


You were on level 2 of the Spider Nest.
You worshipped Ashenzari.
Ashenzari was exalted by your worship.
You were hungry.

You visited 5 branches of the dungeon, and saw 22 of its levels.
You visited the Abyss 1 time.
You also visited: Sewer and Ice Cave.

You collected 2806 gold pieces.
You spent 615 gold pieces at shops.

Inventory:

Hand Weapons
 i - a cursed +9 demon whip of slashing (weapon)
 v - a +2 eveningstar of holy wrath
Missiles
 A - 10 throwing nets {=f}
Armour
 c - a cursed +0 medium shield (worn)
 j - a cursed +2 pair of boots (worn)
 l - a cursed +2 helmet (worn)
 u - a cursed +1 cloak (worn)
 C - cursed +3 ice dragon scales (worn)
Jewellery
 B - an uncursed ring of positive energy
 F - a cursed ring of protection from fire (right hand)
 J - an uncursed ring of protection from cold
 O - a cursed +5 ring of evasion (left hand)
 S - a cursed +4 amulet of reflection (around neck)
Wands
 x - a wand of flame (25)
 y - a wand of paralysis (8)
 G - a wand of digging (14)
 Q - a wand of polymorph (24)
 R - a wand of clouds (5)
 T - a wand of iceblast (9)
 U - a wand of random effects (8)
 X - a wand of acid (5)
Scrolls
 f - 2 scrolls of immolation
 o - 13 scrolls of remove curse
 p - 10 scrolls of teleportation
 s - 5 scrolls of amnesia
 w - a scroll of torment
 z - a scroll of enchant armour
 D - a scroll of fear
 H - a scroll of fog
 N - a scroll of noise {unknown}
Potions
 a - 7 potions of lignification
 b - a potion of magic
 d - 5 potions of might
 g - 2 potions of mutation
 h - a potion of heal wounds
 k - 2 potions of ambrosia
 m - a potion of agility
 n - 15 potions of curing
 q - 5 potions of flight
 r - 3 potions of brilliance
 t - 2 potions of resistance
 I - 2 potions of cancellation
 K - 3 potions of haste
 W - 3 potions of invisibility
Miscellaneous
 E - a phantom mirror
Comestibles
 e - 30 rations {!d}


   Skills:
 + Level 14.3 Fighting
 + Level 13.5(17.6) Maces & Flails
 + Level 14.3(16.9) Armour
 + Level 9.0(11.9) Dodging
 + Level 14.3(16.9) Shields
 + Level 13.7(17.8) Evocations


You had 16 spell levels left.
You didn't know any spells.
Your spell library contained the following spells:

 Spells                   Type           Power        Failure   Level  Hunger
 Throw Frost              Conj/Ice       #.....       77%         2    ####...
 Beastly Appendage        Tmut           #.....       92%         1    None
 Corona                   Hex            #......      92%         1    None
 Freeze                   Ice            #.....       92%         1    None
 Shock                    Conj/Air       #....        92%         1    None
 Passwall                 Tmut/Erth      #.......     98%         2    ####...
 Shackle                  Hex            #.......     98%         2    ####...
 Sticks to Snakes         Tmut           #.......     98%         2    ####...
 Swiftness                Chrm/Air       #.......     98%         2    ####...
 Confuse                  Hex            #.......     100%        3    #####..
 Dazzling Orbs            Conj/Hex       #......      100%        3    #####..
 False Image              Hex/Summ       #.......     100%        3    #####..
 Inner Flame              Hex/Fire       N/A          100%        3    #####..
 Ozocubu's Armour         Chrm/Ice       #.......     100%        3    #####..
 Spider Form              Tmut/Pois      #..          100%        3    #####..
 Static Discharge         Air            #.......     100%        3    #####..
 Airstrike                Air            #.........   100%        4    ######.
 Cause Fear               Hex            #.........   100%        4    ######.
 Ice Form                 Ice/Tmut       #.......     100%        4    ######.
 Petrify                  Tmut/Erth      #.........   100%        4    ######.
 Summon Ice Beast         Ice/Summ       #.......     100%        4    ######.
 Throw Icicle             Conj/Ice       #.......     100%        4    ######.
 Tree Form                Hex/Tmut       N/A          100%        4    ######.
 Yara's Violent Unravell  Hex/Tmut       #.........   100%        4    ######.
 Blade Hands              Tmut           #.........   100%        5    #######
 Lee's Rapid Deconstruct  Erth           #.........   100%        5    #######
 Lightning Bolt           Conj/Air       #.........   100%        5    #######
 Metabolic Englaciation   Hex/Ice        #.........   100%        5    #######
 Passage of Golubria      Tloc           N/A          100%        5    #######
 Darkness                 Hex            #.........   100%        6    #######
 Invisibility             Hex            #.......     100%        6    #######
 Dragon Form              Tmut           #......      100%        7    #######
 Mana Rupture             Conj/Hex       #.........   100%        7    #######
 Necromutation            Tmut/Necr      #.......     100%        8    #######
 Statue Form              Tmut/Erth      Unusable     N/A         6    N/A

Dungeon Overview and Level Annotations

Branches:
Dungeon (11/12)            Temple (1/1) D:7            Lair (6/6) D:8
 Shoals (2/3) Lair:4       Spider (2/3) Lair:3        Slime (0/5) Lair:5
    Orc (0/1) D:10
 Vaults: D:11-12

Altars:
Ashenzari
Cheibriados
Dithmenos
Elyvilon
Fedhas
Gozag
Hepliaklqana
Kikubaaqudgha
Lugonu
Makhleb
Nemelex Xobeh
Okawaru
Qazlal
Ru
Sif Muna
Trog
Uskayaw
Vehumet
Wu Jian
Xom
Yredelemnul
Zin
The Shining One
Jiyva

Shops:
D:4 :!=[*   D:9 !?}:=

Annotations:
D:6 1 runed door
Lair:6 3 runed translucent doors, yrara's ghost, journeyman DsFi


Innate Abilities, Weirdness & Mutations

You are resistant to torment.
Your stone body is resilient. (AC +12)
You are immune to poison.
Your large and strong wings let you fly indefinitely.
You resist negative energy. (rN+)
You are resistant to electric shocks. (rElec)
You can survive without breathing.
You are immune to petrification.
You are immune to rotting.


Message History

You hit Roxanne.
Snnnck.
Roxanne is severely damaged.
You whack Roxanne!
Roxanne is severely damaged.
You whack Roxanne!
Roxanne is almost destroyed.
You thrash Roxanne!!
Roxanne is almost destroyed.
Roxanne says, "Come nearer, honey, I don't have a heart of stone."
You whack Roxanne!
Roxanne is almost destroyed.
You hit Roxanne.
Ssssck.
You destroy Roxanne!
You see here a book of Transfigurations.
You pick up a book of Transfigurations and begin reading...
You add the spells Tree Form, Dragon Form and Necromutation to your library.
The orb spider weaves a glowing orb of energy.
An orb of destruction comes into view.
The orb of destruction hits you!!
You die...

.....## #....# ......#
##^...## ......# #......#*##
.....## #.....^# .##
......## #......##..## **
.......# #*##..........#
*****
.....###*#≈#..........## ,
,≈, .....#
#≈≈#≈≈...#......#,,≈ ...#.#
#≈≈≈≈...@......##,,,, ,
#....# #≈#≈≈≈....○.........,
,, *
.....####≈..≈≈...○..#......,
, *
<.....≈##.......s..##......,
*
.†....≈.#.........#........,
,, *
......≈........#...........
,
........^...^###^.^.......#
,,,,,
........#....##...#.#....##
,* ..^...##....####..#^###.#
*,, ,


You could see an orb spider.

Vanquished Creatures
  An Executioner (Abyss:1)
  Polyphemus (Shoals:2)
  Kirke (Shoals:1)
  Roxanne (Spider:2)
  A ghost moth (Spider:1)
  An emperor scorpion (Spider:1)
  3 entropy weavers (Spider:1)
  A spark wasp (Spider:2)
  5 merfolk impalers
  Urug (Lair:6)
  Erolcha (D:10)
  Harold (D:8)
  2 ice dragons (IceCv)
  The ghost of yrara the Basher, a journeyman DsFi of Gozag (D:10)
  6 hydras
  2 catoblepae
  The ghost of wpisznazwe the Carver, a journeyman DsRg of Uskayaw (Lair:1)
  2 merfolk avatars
  2 centaur warriors
  2 satyrs
  12 death yaks
  3 two-headed ogres
  A merfolk aquamancer (Shoals:2)
  4 sea snakes
  Nergalle (Lair:4)
  A wretched star (Abyss:1)
  A flayed ghost (Abyss:1)
  2 cyclopes
  10 harpies (Shoals:2)
  2 deep elf magi
  An ugly thing (D:10)
  10 wolf spiders
  8 orb spiders
  17 fauns (Shoals:1)
  10 elephants
  5 manticores
  7 merfolk sirens
  2 ice statues (IceCv)
  3 black mambas
  A water nymph (Shoals:1)
  8 cane toads
  Joseph (D:10)
  3 torpor snails
  19 rime drakes
  2 hellwings (Abyss:1)
  16 komodo dragons
  2 demonic crawlers (Spider:2)
  4 trolls
  12 jumping spiders
  22 merfolk
  3 hornets
  4 polar bears (Lair:6)
  2 wind drakes (Lair:6)
  Prince Ribbit (D:9)
  20 blink frogs
  19 dream sheep
  A meliai zombie (D:11)
  9 slime creatures
  4 snapping turtles
  14 hippogriffs
  24 redbacks
  14 tarantellas
  12 wyverns
  2 hogs (Shoals:1)
  37 yaks
  9 basilisks
  A ynoxinul (Abyss:1)
  2 fire bats (Lair:1)
  2 vampire mosquitoes (D:11)
  5 steam dragons
  8 water elementals
  2 hungry ghosts
  Edmund (D:6)
  9 crocodiles
  11 water moccasins
  2 acid dragons
  8 porcupines
  3 black bears
  2 phantoms
  2 orc warriors
  3 sky beasts
  17 ice beasts
  4 ogres
  11 centaurs
  12 bullfrogs
  5 big kobolds
  A small abomination (Abyss:1)
  2 water moccasin zombies (D:9)
  6 killer bees (D:6)
  2 scorpions
  5 wights (D:8)
  3 howler monkeys
  7 crimson imps
  2 bullfrog zombies
  5 starcursed masses (Abyss:1)
  A centaur zombie (D:9)
  2 centaur skeletons
  6 hounds
  4 jellies
  4 orc priests
  9 orc wizards
  9 iguanas
  4 worker ants
  8 ogre zombies (D:10)
  A killer bee zombie (D:7)
  A hound zombie (D:8)
  3 hound skeletons (D:4)
  10 gnolls
  6 river rats (Sewer)
  13 adders
  2 shadow imps
  An ooze (D:4)
  5 adder skeletons
  2 adder zombies
  6 worms
  3 dart slugs
  4 leopard geckos
  26 orcs
  3 giant cockroaches
  12 goblins
  5 hobgoblins
  8 jackals
  3 quokkas
  4 ball pythons (Sewer)
  11 bats
  2 frilled lizards
  3 goblin skeletons (D:10)
  5 goblin zombies (D:10)
  4 hobgoblin zombies (D:10)
  A jackal zombie (D:8)
  39 kobolds
  4 orc skeletons (D:10)
  9 orc zombies (D:10)
  22 rats
  A plant (Lair:6)
810 creatures vanquished.

Vanquished Creatures (collateral kills)
  2 krakens (Shoals:2)
  5 tentacles (Shoals:2)
7 creatures vanquished.

Vanquished Creatures (others)
  A satyr (Shoals:1)
  3 fauns
  A merfolk (Shoals:1)
  A human (Shoals:1)
  A centaur (Shoals:1)
  A kobold (D:8)
  9 plants
  11 tentacles (Shoals:2)
28 creatures vanquished.

Grand Total: 845 creatures vanquished

Notes
Turn   | Place    | Note
-------+----------+-------------------------------------------
     0 | D:1      | Freyura the Gargoyle Fighter began the quest for the Orb.
     0 | D:1      | Reached XP level 1. HP: 14/14 MP: 1/1
   189 | D:1      | Reached XP level 2. HP: 19/19 MP: 2/2
   727 | D:2      | Reached XP level 3. HP: 19/23 MP: 3/3
  1229 | D:3      | Found a glowing drain.
  1238 | D:3      | Reached XP level 4. HP: 27/29 MP: 4/4
  1248 | Sewer    | Entered a sewer
  1469 | Sewer    | Noticed a big kobold
  1481 | Sewer    | Killed a big kobold
  1481 | Sewer    | Reached XP level 5. HP: 32/33 MP: 5/5
  1698 | Sewer    | Reached XP level 6. HP: 36/38 MP: 6/6
  2018 | D:3      | Identified a scroll of acquirement
  2030 | D:3      | Found a radiant altar of Vehumet.
  2286 | D:3      | Noticed a moth of wrath
  2289 | D:3      | Found a bloodstained altar of Trog.
  2945 | D:4      | Reached XP level 7. HP: 44/44 MP: 7/7
  2980 | D:4      | Found Enyth's Distillery.
  2984 | D:4      | Bought a potion of heal wounds for 70 gold pieces
  2998 | D:4      | Found Nysimn's Jewellery Shoppe.
  3031 | D:4      | Reached skill level 5 in Maces & Flails
  3031 | D:4      | Reached skill level 5 in Shields
  3058 | D:4      | Found Zasuot's Armour Emporium.
  3067 | D:4      | Reached skill level 5 in Armour
  3138 | D:4      | Reached skill level 5 in Fighting
  3147 | D:4      | Found Mekkesed's Book Shoppe.
  3371 | D:4      | Got a slimy hand axe
  3377 | D:4      | Noticed a steam dragon
  3388 | D:4      | Killed a steam dragon
  3388 | D:4      | Reached XP level 8. HP: 31/50 MP: 8/8
  3572 | D:4      | Found a sparkling altar of Nemelex Xobeh.
  3648 | D:4      | Found Dokh's General Store.
  3746 | D:5      | Entered Level 5 of the Dungeon
  3787 | D:5      | Reached skill level 1 in Evocations
  4638 | D:5      | Reached XP level 9. HP: 56/56 MP: 11/11
  4777 | D:6      | Found a runed door.
  4797 | D:6      | Found a basalt altar of Yredelemnul.
  4798 | D:6      | Found a burning altar of Makhleb.
  4799 | D:6      | Found a shattered altar of Ashenzari.
  4799 | D:6      | Found an iron altar of Okawaru.
  4799 | D:6      | Found a white marble altar of Elyvilon.
  4826 | D:6      | Became a worshipper of Ashenzari the Shackled
  4827 | D:6      | Identified the cursed +1 hand axe "Ivihamadul" {flame,
                  | Dex+3 Stlth+} (You found it on level 4 of the Dungeon)
  4848 | D:6      | Noticed Edmund
  4872 | D:6      | Killed Edmund
  5380 | D:6      | Reached skill level 5 in Evocations
  5948 | D:7      | Reached * piety under Ashenzari
  6046 | D:7      | Noticed a troll
  6059 | D:7      | Killed a troll
  6132 | D:7      | Found a staircase to the Ecumenical Temple.
  6144 | D:7      | Reached XP level 10. HP: 54/63 MP: 10/14
  6157 | Temple   | Entered the Ecumenical Temple
  6581 | D:8      | Found a staircase to the Lair.
  6701 | D:8      | Found a corrupted altar of Lugonu.
  6906 | D:8      | Noticed a centaur warrior
  6919 | D:8      | Killed a centaur warrior
  7245 | D:8      | Noticed a deep elf mage
  7250 | D:8      | Noticed Harold
  7283 | D:8      | Killed Harold
  7288 | D:8      | Killed a deep elf mage
  7451 | D:9      | Noticed a two-headed ogre
  7453 | D:9      | Found Okoh's Gadget Shoppe.
  7461 | D:9      | Killed a two-headed ogre
  7461 | D:9      | Reached XP level 11. HP: 26/69 MP: 5/17
  7609 | D:9      | Found Tirghuw's Book Emporium.
  7782 | D:9      | Found Nearghesk's Jewellery Shoppe.
  7797 | D:9      | Reached ** piety under Ashenzari
  7893 | D:9      | Noticed Prince Ribbit
  7907 | D:9      | Killed Prince Ribbit
  7933 | D:9      | Noticed a catoblepas
  7956 | D:9      | Killed a catoblepas
  8082 | D:9      | Found Biufir's Magic Scroll Shop.
  8085 | D:9      | Bought a scroll of enchant weapon for 105 gold pieces
  8085 | D:9      | Bought a scroll of enchant weapon for 105 gold pieces
  8118 | D:9      | Found Poyg's Distillery.
  8427 | Lair:1   | Entered Level 1 of the Lair of Beasts
  8630 | Lair:1   | Reached skill level 1 in Dodging
  8835 | Lair:1   | Reached *** piety under Ashenzari
  9181 | Lair:1   | Found a runed translucent door.
  9190 | Lair:1   | Reached XP level 12. HP: 77/77 MP: 19/19
  9488 | Lair:1   | Noticed wpisznazwe's ghost (journeyman DsRg)
  9499 | Lair:1   | Killed wpisznazwe's ghost
  9499 | Lair:1   | Reached skill level 10 in Armour
  9499 | Lair:1   | Reached skill level 10 in Shields
  9642 | Lair:2   | Reached skill level 10 in Fighting
  9642 | Lair:2   | Reached skill level 10 in Evocations
  9743 | Lair:2   | Found a frozen archway.
  9751 | IceCv    | Entered an ice cave
 10190 | IceCv    | Noticed an ice dragon
 10190 | IceCv    | Noticed an ice dragon
 10213 | IceCv    | Killed an ice dragon
 10213 | IceCv    | Reached skill level 10 in Maces & Flails
 10299 | IceCv    | Killed an ice dragon
 11244 | Lair:3   | Found a hole to the Spider Nest.
 11374 | Lair:3   | Reached XP level 13. HP: 83/83 MP: 21/21
 11569 | Lair:3   | Reached **** piety under Ashenzari
 12321 | Lair:4   | Reached skill level 5 in Dodging
 12509 | Lair:4   | Noticed Nergalle
 12523 | Lair:4   | Killed Nergalle
 12603 | Lair:4   | Found a staircase to the Shoals.
 13045 | Lair:5   | Gained mutation: Your large and strong wings let you fly
                  | indefinitely. [Gargoyle growth]
 13045 | Lair:5   | Reached XP level 14. HP: 82/90 MP: 18/22
 13148 | Lair:5   | Found a staircase to the Slime Pits.
 13184 | Lair:5   | Reached ***** piety under Ashenzari
 13184 | Lair:5   | Found a viscous altar of Jiyva.
 13570 | Lair:5   | Identified the +5 leather armour "Put-Me-On" {Str+4}
 13675 | Lair:5   | Identified the cursed +1 rapier "Earthworm" {drain, Str+3
                  | Int+4}
 14008 | D:10     | Entered Level 10 of the Dungeon
 14010 | D:10     | Noticed Joseph
 14023 | D:10     | Killed Joseph
 14033 | D:10     | Noticed yrara's ghost (journeyman DsFi)
 14034 | D:10     | Found a runed translucent door.
 14074 | D:10     | Found a staircase to the Orcish Mines.
 14316 | D:10     | Noticed Erolcha
 14319 | D:10     | Cast into level 1 of the Abyss (Erolcha)
 14324 | Abyss:1  | Noticed an Executioner
 14336 | Abyss:1  | Noticed a starcursed mass
 14351 | Abyss:1  | Killed an Executioner
 14557 | D:10     | Escaped the Abyss
 14565 | D:10     | Killed Erolcha
 15062 | D:10     | Killed yrara's ghost
 15487 | D:11     | Reached ****** piety under Ashenzari
 15662 | D:11     | Reached XP level 15. HP: 81/97 MP: 20/24
 16410 | Shoals:1 | Entered Level 1 of the Shoals
 16523 | Spider:1 | Entered Level 1 of the Spider Nest
 16606 | Spider:1 | Noticed a ghost moth
 16623 | Spider:1 | Killed a ghost moth
 17403 | Spider:1 | Noticed an emperor scorpion
 17420 | Spider:1 | Killed an emperor scorpion
 18202 | D:4      | Bought a +4 amulet of reflection for 335 gold pieces
 18430 | Lair:6   | Entered Level 6 of the Lair of Beasts
 18437 | Lair:6   | Found a gate leading to a gauntlet.
 18613 | Lair:6   | Noticed Urug
 18621 | Lair:6   | Killed Urug
 18695 | Lair:6   | Found a runed translucent gate.
 18695 | Lair:6   | Found a runed translucent gate.
 18695 | Lair:6   | Found a runed translucent gate.
 18696 | Lair:6   | Noticed yrara's ghost (journeyman DsFi)
 18811 | Lair:6   | Reached XP level 16. HP: 43/104 MP: 25/25
 20186 | Shoals:2 | Noticed Polyphemus
 20215 | Shoals:2 | Killed Polyphemus
 20628 | Shoals:2 | Noticed a kraken
 20635 | Shoals:2 | Killed a kraken
 20639 | Shoals:2 | Noticed a kraken
 20650 | Shoals:2 | Killed a kraken
 21488 | Shoals:1 | Reached XP level 17. HP: 111/111 MP: 27/27
 21539 | Shoals:1 | Noticed Kirke
 21561 | Shoals:1 | Killed Kirke
 22932 | Spider:2 | Noticed Roxanne
 22970 | Spider:2 | Killed Roxanne
 22975 | Spider:2 | Blown up by an orb spider

Skill      XL: |  1  2  3  4  5  6  7  8  9 10 11 12 13 14 15 16 17 |
---------------+----------------------------------------------------+-----
Maces & Flails | 3 4 5 6 7 8 9 10 11 12 13 | 13.5
Shields        | 4 5 6 7 9 10 11 12 13 14 | 14.3
Fighting       | 4 5 6 7 8 9 10 11 12 13 14 | 14.3
Armour         | 4 5 6 7 8 9 10 11 12 13 14 | 14.3
Evocations     | 3 6 8 9 11 12 13 | 13.7
Dodging        | 2 3 5 6 7 8 9 |  9.0

Action                   |  1- 3 |  4- 6 |  7- 9 | 10-12 | 13-15 | 16-18 || total
-------------------------+-------+-------+-------+-------+-------+-------++-------
Melee: Flail             |   146 |   179 |       |       |       |       ||   325
       Demon whip        |       |    76 |   336 |   550 |  1338 |   802 ||  3102
Invok: Curse Item        |       |       |     4 |     4 |     4 |     1 ||    13
 Abil: Fly               |       |       |       |       |     1 |     1 ||     2
       Stop Flying       |       |       |       |       |     1 |       ||     1
Evoke: Wand              |       |       |       |       |    20 |       ||    20
       Phantom mirror    |       |       |       |       |       |     1 ||     1
  Use: Scroll            |     3 |     4 |     9 |    11 |    11 |     3 ||    41
       Potion            |       |       |     1 |     7 |     3 |     2 ||    13
 Stab: Petrified         |       |       |       |       |       |    13 ||    13
  Eat: Chunk             |     6 |    14 |    19 |    23 |    33 |    21 ||   116
       Ration            |       |       |       |     1 |     3 |     1 ||     5
Armor: Scale mail        |   140 |   235 |    32 |       |       |       ||   407
       Steam dragon scal |       |       |   113 |   194 |       |       ||   307
       Ice dragon scales |       |       |       |    13 |   409 |   249 ||   671
Dodge: Dodged            |    42 |    70 |    80 |   175 |   565 |   413 ||  1345
Block: Medium shield     |   105 |   188 |   166 |   282 |   740 |   743 ||  2224
       Reflection        |       |       |       |       |     1 |    55 ||    56
